[Event "Titled Tuesday Blitz November 14 Early 2023"]
[White "Ramu, K."]
[Black "Bagrationi, Alexander"]
[WhiteFideId "5006171"]
[BlackFideId "14104954"]
[WhiteElo "2190"]
[BlackElo "2571"]
[Result "0-1"]
[Round "1"]
[TimeControl "180+1"]
[Date "2023.11.14"]
[WhiteClock "0:02:18"]
[BlackClock "0:02:42"]
[Board "213"]

1. e4 c5 2. Nf3 Nc6 3. d4 cxd4 4. Nxd4 g6 5. Nc3 Bg7 6. Be3 Nf6 7. f3 O-O 8. Qd2 d5 9. exd5 Nxd5 10. O-O-O Nxe3 11. Qxe3 Nxd4 12. Nb5 Nf5 0-1


[Site "https://www.chess.com"]

[Event "Titled Tuesday Blitz November 14 Early 2023"]
[White "Ambartsumova, Karina"]
[Black "Travadon, Loic"]
[WhiteFideId "4166299"]
[BlackFideId "26092131"]
[WhiteElo "2571"]
[BlackElo "2187"]
[Result "1-0"]
[Round "1"]
[TimeControl "180+1"]
[Date "2023.11.14"]
[WhiteClock "0:00:54"]
[BlackClock "0:00:56"]
[Board "214"]

1. d4 Nf6 2. c4 e6 3. Nc3 Bb4 4. Qc2 O-O 5. a3 Be7 6. e4 d6 7. f4 Nbd7 8. Nf3 b6 9. Bd3 g6 10. e5 Ne8 11. Be4 Rb8 12. h4 Bb7 13. h5 Ng7 14. Be3 Nf5 15. Bf2 c5 16. d5 dxe5 17. fxe5 Bg5 18. g4 exd5 19. cxd5 Ne3 20. Bxe3 Bxe3 21. hxg6 fxg6 22. e6 Nf6 23. Bxg6 Kg7 24. Bxh7 Nxh7 25. Rxh7+ Kf6 26. Qf5# 1-0


[Site "https://www.chess.com"]

[Event "Titled Tuesday Blitz November 14 Early 2023"]
[White "thisjuan"]
[Black "Vestby-Ellingsen, Mads"]
[BlackFideId "1520857"]
[WhiteElo "2180"]
[BlackElo "2567"]
[Result "0-1"]
[Round "1"]
[TimeControl "180+1"]
[Date "2023.11.14"]
[WhiteClock "0:00:02"]
[BlackClock "0:00:32"]
[Board "215"]

1. c4 c5 2. g3 Nc6 3. Bg2 g6 4. Nc3 Bg7 5. Nf3 d6 6. O-O Bf5 7. d4 cxd4 8. Nb5 e5 9. e3 a6 10. Na3 dxe3 11. Bxe3 Nge7 12. Qd2 Qc7 13. Rfd1 Rd8 14. b4 O-O 15. b5 Nb8 16. Rac1 Be4 17. Qb4 a5 18. Qa4 b6 19. c5 Bxf3 20. Bxf3 dxc5 21. Nc4 Nf5 22. Bg5 f6 23. Be3 Nd4 24. Bxd4 exd4 25. Bg2 Rfe8 26. Qc2 f5 27. Qd3 Re7 28. Re1 Rde8 29. Rxe7 Rxe7 30. a4 Nd7 31. Rd1 Nf6 32. Qf3 Ne4 33. Qf4 Qxf4 34. gxf4 Nc3 35. Rd3 Re1+ 36. Bf1 Ne2+ 37. Kg2 Nxf4+ 38. Kf3 Nxd3 39. Bxd3 Re6 40. Nd2 Kf8 41. Bc4 Re1 42. Kg2 Bh6 43. Nf3 Rc1 44. Bd5 d3 0-1


[Site "https://www.chess.com"]

[Event "Titled Tuesday Blitz November 14 Early 2023"]
[White "The_Sherman_Variation"]
[Black "Semenova, Alina"]
[BlackFideId "24113875"]
[WhiteElo "2566"]
[BlackElo "2177"]
[Result "1-0"]
[Round "1"]
[TimeControl "180+1"]
[Date "2023.11.14"]
[WhiteClock "0:00:47"]
[BlackClock "0:00:00"]
[Board "216"]

1. e4 e6 2. d4 d5 3. Bd3 dxe4 4. Bxe4 Nf6 5. Bf3 c5 6. Ne2 Nc6 7. Be3 cxd4 8. Nxd4 Nxd4 9. Qxd4 Qxd4 10. Bxd4 Be7 11. Nc3 O-O 12. O-O-O Rd8 13. Be5 Rxd1+ 14. Rxd1 h6 15. g3 a5 16. Bd6 Kf8 17. Nb5 Ra6 18. a4 Rb6 19. Bc7 Ra6 20. c4 Nd7 21. Bxb7 Bxb7 22. Rxd7 Bc6 23. Rd1 Ra8 24. Bd6 Bxb5 25. axb5 Rc8 26. b3 a4 27. Kb2 axb3 28. Kxb3 Bxd6 29. Rxd6 Ke7 30. Ra6 f5 31. Kb4 e5 32. c5 g5 33. Rxh6 f4 34. Kc4 e4 35. c6 e3 36. Rh7+ Ke6 37. Kd3 exf2 38. Ke2 fxg3 39. hxg3 Kd5 40. Kxf2 Kc5 41. Rb7 g4 42. Ke3 Re8+ 43. Kf4 Rg8 44. c7 1-0


[Site "https://www.chess.com"]

[Event "Titled Tuesday Blitz November 14 Early 2023"]
[White "Feliz Dotel, Dewar Bienvenido"]
[Black "Nasir, Zehn"]
[WhiteFideId "6402801"]
[BlackFideId "2613239"]
[WhiteElo "2156"]
[BlackElo "2566"]
[Result "0-1"]
[Round "1"]
[TimeControl "180+1"]
[Date "2023.11.14"]
[WhiteClock "0:00:00"]
[BlackClock "0:01:34"]
[Board "217"]

1. d4 Nf6 2. e3 d5 3. Nf3 c5 4. dxc5 Nc6 5. a3 a5 6. c4 Bg4 7. cxd5 Nxd5 8. Be2 e6 9. O-O Bxc5 10. b3 Qf6 11. Ra2 Rd8 12. Rd2 O-O 13. Bb2 Qh6 14. Nc3 Bxf3 15. Bxf3 Nxe3 16. fxe3 Bxe3+ 17. Kh1 Rxd2 18. Qb1 Nd4 19. Ne4 Bf4 20. h3 Nxf3 21. Rxf3 Re2 22. Nc3 Re3 23. Qf1 Rxf3 24. Qxf3 Bc1 25. Ba1 Qd2 0-1


[Site "https://www.chess.com"]

[Event "Titled Tuesday Blitz November 14 Early 2023"]
[White "FREDERICKtheMATE"]
[Black "Ismayilova, Khanim"]
[BlackFideId "13429019"]
[WhiteElo "2565"]
[BlackElo "2151"]
[Result "1-0"]
[Round "1"]
[TimeControl "180+1"]
[Date "2023.11.14"]
[WhiteClock "0:02:34"]
[BlackClock "0:02:00"]
[Board "218"]

1. Nf3 Nf6 2. c4 d5 3. b3 c5 4. Bb2 Nc6 5. cxd5 Nxd5 6. Nc3 Nxc3 7. Bxc3 Bg4 8. e3 e5 9. h3 Bxf3 10. Qxf3 Nb4 11. Bb5+ Nc6 12. Bxc6+ bxc6 13. Qxc6+ Ke7 14. Qxc5+ Qd6 15. Qxe5+ Qxe5 16. Bxe5 f6 17. Bc3 Kf7 18. Ke2 Ba3 19. f4 Rhe8 20. g4 Rad8 21. Rag1 Bc5 22. Rg3 Bd6 23. Rf1 g5 24. Kd1 gxf4 25. exf4 Re4 26. Rd3 Ke7 27. f5 h5 28. gxh5 Rh4 29. Re1+ Kf7 30. Re6 Be7 31. Rxd8 Bxd8 32. Rd6 Be7 33. Ra6 Rxh5 34. Rxa7 Rxf5 35. Bb4 Re5 36. Rxe7+ Rxe7 37. Bxe7 Kxe7 38. Ke2 Ke6 39. Kf3 Kf5 40. d4 Kg5 41. b4 f5 42. b5 f4 43. b6 Kh4 44. b7 Kxh3 45. b8=Q Kh2 46. Qg8 Kh1 47. Qg2# 1-0


[Site "https://www.chess.com"]

[Event "Titled Tuesday Blitz November 14 Early 2023"]
[White "Hartikainen, Jarmo"]
[Black "Pham, Le Thao Nguyen"]
[WhiteFideId "503134"]
[BlackFideId "12401226"]
[WhiteElo "2150"]
[BlackElo "2564"]
[Result "1-0"]
[Round "1"]
[TimeControl "180+1"]
[Date "2023.11.14"]
[WhiteClock "0:00:09"]
[BlackClock "0:00:00"]
[Board "219"]

1. e4 c6 2. d4 d5 3. Nc3 dxe4 4. Nxe4 Nf6 5. Nxf6+ exf6 6. Bf4 Be7 7. h4 O-O 8. Bd3 Re8 9. Ne2 Qa5+ 10. c3 Nd7 11. h5 Nf8 12. h6 g6 13. Qc2 Be6 14. O-O Qh5 15. Ng3 Qh4 16. Qd2 Rad8 17. b4 Bg4 18. Rfe1 Ne6 19. Be3 b5 20. a4 a6 21. axb5 axb5 22. Ra6 Rc8 23. Be4 Nd8 24. Nf1 Be6 25. Bf4 g5 26. Bg3 Qxh6 27. Ne3 Qf8 28. Nf5 Bxf5 29. Bxf5 Ne6 30. Bxe6 fxe6 31. Rxe6 f5 32. Ra7 f4 33. Bh2 Qf7 34. Qe2 Qf8 35. Raxe7 Rxe7 36. Rxe7 h6 37. Qe6+ Kh8 38. Qe5+ Kg8 39. Qe6+ Kh8 40. Rf7 Qe8 41. Qf6+ 1-0


[Site "https://www.chess.com"]

[Event "Titled Tuesday Blitz November 14 Early 2023"]
[White "Derjabin, Ilja"]
[Black "Dahlgren, James Allen"]
[WhiteFideId "14104768"]
[BlackFideId "22256873"]
[WhiteElo "2564"]
[BlackElo "2137"]
[Result "1-0"]
[Round "1"]
[TimeControl "180+1"]
[Date "2023.11.14"]
[WhiteClock "0:02:35"]
[BlackClock "0:02:11"]
[Board "220"]

1. d4 e6 2. c4 c5 3. d5 Nf6 4. Nc3 exd5 5. cxd5 d6 6. e4 g6 7. Nge2 Bg7 8. Ng3 O-O 9. Be2 Re8 10. O-O a6 11. a4 Nbd7 12. f4 Qc7 13. e5 dxe5 14. f5 Nf8 15. d6 Qd7 16. Bg5 gxf5 17. Nxf5 Qxf5 18. Rxf5 Bxf5 19. Qf1 1-0


[Site "https://www.chess.com"]

[Event "Titled Tuesday Blitz November 14 Early 2023"]
[White "Andreassen, Lars"]
[Black "Ozates, Tuna"]
[WhiteFideId "1504878"]
[BlackFideId "6354521"]
[WhiteElo "2137"]
[BlackElo "2564"]
[Result "0-1"]
[Round "1"]
[TimeControl "180+1"]
[Date "2023.11.14"]
[WhiteClock "0:00:28"]
[BlackClock "0:01:54"]
[Board "221"]

1. d4 Nf6 2. Nf3 g6 3. Bg5 Bg7 4. Nc3 O-O 5. e4 d5 6. e5 Ne4 7. Bh4 c5 8. dxc5 Nxc3 9. bxc3 Nc6 10. Bg3 Qa5 11. Qd2 Qxc5 12. Bd3 Bg4 13. O-O Bxf3 14. gxf3 Nxe5 15. Bxe5 Bxe5 16. Rab1 Bxc3 17. Qe2 e6 18. Rxb7 Ba5 19. Rb5 Qc7 20. Rfb1 Bb6 21. Kg2 Qf4 22. R5b4 Qd6 23. h4 Rab8 24. h5 Bd8 25. Rxb8 Bc7 26. Rxf8+ Kxf8 27. hxg6 Qh2+ 28. Kf1 Qh1# 0-1


[Site "https://www.chess.com"]

[Event "Titled Tuesday Blitz November 14 Early 2023"]
[White "spiritof_stlouis"]
[Black "missponyo10"]
[WhiteElo "2558"]
[BlackElo "2136"]
[Result "0-1"]
[Round "1"]
[TimeControl "180+1"]
[Date "2023.11.14"]
[WhiteClock "0:00:00"]
[BlackClock "0:01:34"]
[Board "222"]

1. Nf3 d5 2. d4 Nf6 3. Bf4 c5 4. e3 Nc6 5. c3 e6 6. Nbd2 Be7 7. Bd3 O-O 8. O-O cxd4 9. exd4 a6 10. a4 h6 11. Qe2 Bd6 12. Ne5 Bxe5 13. dxe5 Nd7 14. Nf3 Qe7 15. Bc2 f5 16. exf6 Qxf6 17. Bd6 Rf7 18. Rfe1 e5 19. Ba3 e4 20. Nd2 Nde5 21. c4 Bg4 22. Qe3 d4 23. Qxe4 Qxf2+ 24. Kh1 Bf5 25. Qd5 Bxc2 26. Nf1 Nd3 0-1


[Site "https://www.chess.com"]

[Event "Titled Tuesday Blitz November 14 Early 2023"]
[White "Petersson, Kjell"]
[Black "Bilan, Danila"]
[WhiteFideId "1705148"]
[BlackFideId "24161918"]
[WhiteElo "2132"]
[BlackElo "2557"]
[Result "0-1"]
[Round "1"]
[TimeControl "180+1"]
[Date "2023.11.14"]
[WhiteClock "0:00:33"]
[BlackClock "0:00:13"]
[Board "223"]

1. d4 d5 2. Bf4 Nf6 3. e3 c5 4. Nd2 Nc6 5. c3 Bf5 6. Qb3 Qb6 7. dxc5 Qxb3 8. axb3 e5 9. Bg3 Bxc5 10. Ngf3 Nd7 11. b4 Bd6 12. Nd4 Nxd4 13. exd4 f6 14. Bb5 Ke7 15. dxe5 fxe5 16. O-O a6 17. Be2 Rhe8 18. Rfe1 Nf6 19. Nf3 Kd7 20. h3 Ne4 21. Bh2 a5 22. bxa5 Bc5 23. Nxe5+ Rxe5 24. Bxe5 Bxf2+ 25. Kf1 Rf8 26. Bf3 Bxe1 27. Rxe1 g6 28. Rd1 Ke6 29. g4 Bxg4 30. hxg4 Rxf3+ 31. Kg2 Rf2+ 32. Kg1 Kxe5 33. Re1 Rxb2 34. Rc1 h5 35. gxh5 gxh5 36. c4 dxc4 37. Rxc4 h4 38. Rc7 h3 39. Rh7 h2+ 40. Rxh2 Rxh2 41. Kxh2 Kd5 42. Kg2 Kc5 43. Kf3 Nd6 44. Ke3 Kb5 45. Kd4 Kxa5 46. Kc3 b5 0-1


[Site "https://www.chess.com"]

[Event "Titled Tuesday Blitz November 14 Early 2023"]
[White "LouieKov2022"]
[Black "DonCiao"]
[WhiteElo "2557"]
[BlackElo "2130"]
[Result "1-0"]
[Round "1"]
[TimeControl "180+1"]
[Date "2023.11.14"]
[WhiteClock "0:00:07"]
[BlackClock "0:00:00"]
[Board "224"]

1. e4 c5 2. Nf3 Nc6 3. d4 cxd4 4. Nxd4 Nf6 5. Nc3 e5 6. Ndb5 d6 7. Bg5 a6 8. Bxf6 gxf6 9. Na3 b5 10. Nd5 f5 11. exf5 Bxf5 12. Bd3 Be6 13. Be4 Rc8 14. c3 Bg7 15. Qh5 Ne7 16. Nxe7 Qxe7 17. Nc2 h6 18. Ne3 b4 19. cxb4 d5 20. Bxd5 Qxb4+ 21. Kf1 Bxd5 22. h4 Be6 23. b3 O-O 24. g4 Qd4 25. Rd1 Qe4 26. Rg1 Rc3 27. g5 Kh8 28. gxh6 Bf6 29. h7 Bh3+ 30. Ke2 Rc2+ 31. Rd2 Rxd2+ 32. Kxd2 Rd8+ 33. Ke2 Qd3+ 34. Kf3 e4+ 35. Kg3 Be6 36. Kh2 Qd2 37. Rg2 Rd3 38. Ng4 Bxg4 39. Qxg4 1-0


[Site "https://www.chess.com"]

[Event "Titled Tuesday Blitz November 14 Early 2023"]
[White "vovasev"]
[Black "Andrej2004"]
[WhiteElo "2130"]
[BlackElo "2556"]
[Result "0-1"]
[Round "1"]
[TimeControl "180+1"]
[Date "2023.11.14"]
[WhiteClock "0:01:49"]
[BlackClock "0:01:28"]
[Board "225"]

1. e4 b6 2. d4 Bb7 3. Nc3 g6 4. Bd3 Bg7 5. Nf3 d6 6. O-O e5 7. dxe5 dxe5 8. Bb5+ c6 9. Qxd8+ Kxd8 10. Bc4 Nd7 11. Bxf7 Ke7 12. Bb3 Ngf6 13. Bg5 Rad8 14. Rad1 h6 15. Bc1 g5 16. h3 Nh5 17. Ne2 Nc5 18. Rfe1 Rxd1 19. Rxd1 Nxe4 20. Re1 c5 21. g4 Nf4 22. Nxf4 gxf4 23. Nxe5 Bxe5 24. f3 Bd4+ 25. Kg2 Rf8 26. fxe4 f3+ 27. Kf1 f2 28. Re2 Ba6 29. c4 b5 30. Be3 bxc4 31. Bxd4 cxd4 32. Rxf2 cxb3+ 0-1


[Site "https://www.chess.com"]

[Event "Titled Tuesday Blitz November 14 Early 2023"]
[White "Mortazavi, Ali"]
[Black "Fernandez Hernandez, Gerardo"]
[WhiteFideId "401323"]
[BlackFideId "2207400"]
[WhiteElo "2555"]
[BlackElo "2123"]
[Result "1-0"]
[Round "1"]
[TimeControl "180+1"]
[Date "2023.11.14"]
[WhiteClock "0:00:36"]
[BlackClock "0:00:05"]
[Board "226"]

1. Nf3 Nf6 2. g3 g6 3. Bg2 Bg7 4. O-O O-O 5. d3 d6 6. e4 e5 7. Nc3 Nbd7 8. a4 a5 9. h3 c6 10. Be3 Re8 11. Re1 Nc5 12. Qd2 Nh5 13. d4 exd4 14. Bxd4 Bxd4 15. Qxd4 Qb6 16. Rab1 Be6 17. Kh2 Rad8 18. b3 d5 19. exd5 cxd5 20. Nb5 Ng7 21. g4 h5 22. Ng5 hxg4 23. hxg4 Rd7 24. Re3 Qd8 25. Nf3 Ne4 26. Ne5 Nxf2 27. Nxd7 Nxg4+ 28. Qxg4 Qxd7 29. Qf4 Nh5 30. Qd6 Qc8 31. c3 Bf5 32. Rbe1 Rd8 33. Qxd8+ Qxd8 34. Re8+ Qxe8 35. Rxe8+ Kg7 36. Bxd5 Nf4 37. Bxb7 Bd7 38. Rd8 1-0


[Site "https://www.chess.com"]

[Event "Titled Tuesday Blitz November 14 Early 2023"]
[White "Smirnov, Timofey"]
[Black "Lund, Gunnar"]
[WhiteFideId "24176427"]
[BlackFideId "1520814"]
[WhiteElo "2093"]
[BlackElo "2555"]
[Result "0-1"]
[Round "1"]
[TimeControl "180+1"]
[Date "2023.11.14"]
[WhiteClock "0:00:00"]
[BlackClock "0:01:43"]
[Board "227"]

1. d4 d6 2. Bf4 Nf6 3. Nc3 g6 4. e4 Bg7 5. e5 Nfd7 6. Nf3 O-O 7. Bc4 c6 8. exd6 Nb6 9. dxe7 Qxe7+ 10. Qe2 Re8 11. Qxe7 Rxe7+ 12. Be2 Bf5 13. O-O-O N8d7 14. Rhe1 Rae8 15. Be3 Nf6 16. h3 Nfd5 17. Nxd5 Nxd5 18. Nh4 Bd7 19. Bc4 Nxe3 20. fxe3 Rxe3 21. Rxe3 Rxe3 22. Kd2 Bh6 23. Bxf7+ Kxf7 24. Rf1+ Kg7 25. Kd1 Re4 26. Nf3 Bf4 27. c3 Bd6 28. Ng5 Re7 29. Nf3 Bf5 30. g4 Be4 31. Nd2 Bd5 32. c4 Bg8 33. c5 Bg3 34. Rf3 Bh4 35. a3 Bg5 36. Kc2 Bxd2 37. Kxd2 Bd5 38. Rf2 h5 39. gxh5 gxh5 40. Rf1 Re4 41. Rg1+ Kf6 42. Rf1+ Ke7 43. Kd3 Rh4 44. Re1+ Be6 45. Re3 Rxh3 46. Rf3 Rxf3+ 0-1


[Site "https://www.chess.com"]

[Event "Titled Tuesday Blitz November 14 Early 2023"]
[White "Brunner, Nicolas"]
[Black "Pasmendjambvirgulptipon98"]
[WhiteFideId "620246"]
[WhiteElo "2554"]
[BlackElo "2084"]
[Result "1-0"]
[Round "1"]
[TimeControl "180+1"]
[Date "2023.11.14"]
[WhiteClock "0:01:04"]
[BlackClock "0:00:21"]
[Board "228"]

1. Nf3 Nf6 2. g3 d6 3. d4 g6 4. Bg2 Bg7 5. b3 c5 6. Bb2 cxd4 7. Nxd4 O-O 8. O-O Qc7 9. c4 Nc6 10. Nc3 a6 11. e3 Bd7 12. h3 Rac8 13. a4 Rfd8 14. Rc1 Be6 15. Nd5 Qb8 16. Nxc6 bxc6 17. Nxe7+ Kf8 18. Nxc6 Rxc6 19. Bxc6 Qc8 20. Bg2 Bxh3 21. Ba3 Bxg2 22. Kxg2 Qc6+ 23. Qf3 Qb6 24. e4 Nd7 25. Rfd1 Ne5 26. Qe3 Qc6 27. f3 Ke7 28. c5 d5 29. exd5 Rxd5 30. Rxd5 Qxd5 31. c6+ Kd8 32. c7+ Kc8 33. Qe4 Qd2+ 34. Kh3 Qd7+ 35. g4 1-0


[Site "https://www.chess.com"]

[Event "Titled Tuesday Blitz November 14 Early 2023"]
[White "Politov, Pavel Y."]
[Black "Arngrimsson, Dagur"]
[WhiteFideId "24110515"]
[BlackFideId "2301288"]
[WhiteElo "2077"]
[BlackElo "2552"]
[Result "0-1"]
[Round "1"]
[TimeControl "180+1"]
[Date "2023.11.14"]
[WhiteClock "0:00:04"]
[BlackClock "0:00:53"]
[Board "229"]

1. d4 d5 2. c4 c6 3. Nc3 Nf6 4. Nf3 dxc4 5. a4 Bf5 6. e3 e6 7. Bxc4 Bb4 8. O-O O-O 9. Nh4 Bg6 10. Nxg6 hxg6 11. Qb3 Qe7 12. Bd2 a5 13. Rfe1 Nbd7 14. e4 e5 15. d5 Nb6 16. dxc6 bxc6 17. Bf1 Rfd8 18. Rad1 Rab8 19. Qc2 Qe6 20. Be3 Bxc3 21. bxc3 Nc4 22. Rxd8+ Rxd8 23. Bxc4 Qxc4 24. Bb6 Rd3 25. Bxa5 Nxe4 26. Qe2 Nxc3 27. Bxc3 Qxc3 28. Rd1 Rd4 29. Rb1 Rxa4 30. h3 Ra1 31. Rxa1 Qxa1+ 32. Kh2 Qd4 33. Qc2 c5 34. g3 c4 35. Kg2 c3 36. Kh2 Qd2 37. Qa4 Qxf2+ 38. Kh1 c2 39. Qe8+ Kh7 40. Qxe5 c1=Q+ 41. Qe1 Qcxe1# 0-1


[Site "https://www.chess.com"]

[Event "Titled Tuesday Blitz November 14 Early 2023"]
[White "Cervantes Landeiro, Thalia"]
[Black "Winkels, Marcel"]
[WhiteFideId "3520498"]
[BlackFideId "1003887"]
[WhiteElo "2549"]
[BlackElo "2059"]
[Result "1-0"]
[Round "1"]
[TimeControl "180+1"]
[Date "2023.11.14"]
[WhiteClock "0:02:21"]
[BlackClock "0:01:47"]
[Board "230"]

1. d4 Nf6 2. c4 g6 3. Nc3 d5 4. cxd5 Nxd5 5. e4 Nxc3 6. bxc3 Bg7 7. Bc4 c5 8. Ne2 O-O 9. O-O b6 10. Bd5 e6 11. Bxa8 Ba6 12. Bf4 Nd7 13. Bc6 cxd4 14. cxd4 Qc8 15. Rc1 Rd8 16. Bb5 Qb7 17. Rc7 1-0


[Site "https://www.chess.com"]

[Event "Titled Tuesday Blitz November 14 Early 2023"]
[White "Dominguez Rincon, Miller Duvan"]
[Black "Santos Flores, Alberto"]
[WhiteFideId "4406583"]
[BlackFideId "3601234"]
[WhiteElo "2036"]
[BlackElo "2549"]
[Result "0-1"]
[Round "1"]
[TimeControl "180+1"]
[Date "2023.11.14"]
[WhiteClock "0:00:00"]
[BlackClock "0:01:46"]
[Board "231"]

1. e4 e6 2. d4 d5 3. e5 c5 4. c3 Qb6 5. Nf3 Nc6 6. a3 a5 7. Bd3 Bd7 8. Bc2 Nh6 9. O-O Nf5 10. Bxf5 exf5 11. Re1 Be6 12. a4 Be7 13. Na3 cxd4 14. cxd4 O-O 15. Nb5 Rac8 16. Bg5 Bxg5 17. Nxg5 Na7 18. Nxa7 Qxa7 19. Nf3 Rc4 20. b3 Rc3 21. Rc1 Rfc8 22. Rxc3 Rxc3 23. Re3 Rc6 24. h4 Qb6 25. h5 h6 26. Kh2 f4 27. Rd3 Bf5 28. Rd2 Bg4 29. Rd3 Bxh5 30. Qd2 g5 31. Ne1 Bg6 32. Rc3 Qb4 33. Nf3 Qxc3 0-1


[Site "https://www.chess.com"]

[Event "Titled Tuesday Blitz November 14 Early 2023"]
[White "RodokininEV"]
[Black "taleslascando"]
[WhiteElo "2548"]
[BlackElo "2012"]
[Result "1-0"]
[Round "1"]
[TimeControl "180+1"]
[Date "2023.11.14"]
[WhiteClock "0:01:26"]
[BlackClock "0:00:00"]
[Board "232"]

1. d4 Nf6 2. c4 e6 3. Nf3 d5 4. Nc3 Bb4 5. Qa4+ Nc6 6. e3 O-O 7. Bd2 Re8 8. Bd3 dxc4 9. Bxc4 e5 10. dxe5 Ng4 11. a3 Ba5 12. Be2 Ngxe5 13. Nxe5 Rxe5 14. Bf3 Nd4 15. O-O-O Nxf3 16. gxf3 Bd7 17. Qd4 Qe8 18. e4 Rd8 19. Bf4 Re7 20. Rhg1 g6 21. Bh6 f5 22. exf5 Bb6 23. Qf6 Bxf5 24. Qxf5 1-0


[Site "https://www.chess.com"]

[Event "Titled Tuesday Blitz November 14 Early 2023"]
[White "Perez Cruz, Adianet"]
[Black "Lopez Martinez, Josep Manuel"]
[WhiteFideId "3510115"]
[BlackFideId "2212943"]
[WhiteElo "2003"]
[BlackElo "2547"]
[Result "0-1"]
[Round "1"]
[TimeControl "180+1"]
[Date "2023.11.14"]
[WhiteClock "0:01:19"]
[BlackClock "0:01:14"]
[Board "233"]

1. d4 Nf6 2. Bg5 e6 3. e3 h6 4. Bxf6 Qxf6 5. Nd2 d5 6. c3 c6 7. Ngf3 Nd7 8. Bd3 g5 9. Qe2 g4 10. Ng1 h5 11. e4 Bh6 12. e5 Qg5 13. O-O-O c5 14. f3 a6 15. Kb1 b5 16. fxg4 hxg4 17. h3 Bf8 18. Qf2 c4 19. Be2 f5 20. h4 Qe7 21. g3 b4 22. cxb4 Qxb4 23. Qe3 Bh6 24. Qc3 Rb8 25. Qxb4 Rxb4 26. a3 Rb8 27. Ka2 Be3 28. Nb1 Nb6 29. Nc3 Bd7 30. Bf1 Na4 31. Nge2 Rxb2+ 32. Ka1 Rb3 33. Nxa4 Bxa4 34. Ka2 Kf7 35. Nf4 Rhb8 36. Rh2 Rxa3+ 37. Kxa3 Bxd1 38. Bxc4 dxc4 39. d5 Bc5+ 40. Ka2 Bb3+ 41. Kb1 c3 42. dxe6+ Bxe6+ 43. Kc2 Rb2+ 0-1


[Site "https://www.chess.com"]

[Event "Titled Tuesday Blitz November 14 Early 2023"]
[White "LeoLV10"]
[Black "Castillo Pena, Patricia Evarista"]
[BlackFideId "6412106"]
[WhiteElo "2546"]
[BlackElo "2000"]
[Result "1-0"]
[Round "1"]
[TimeControl "180+1"]
[Date "2023.11.14"]
[WhiteClock "0:00:19"]
[BlackClock "0:00:08"]
[Board "234"]

1. e4 c5 2. Nf3 d6 3. d4 cxd4 4. Nxd4 Nf6 5. Nc3 a6 6. Bg5 e6 7. f4 h6 8. Bh4 Qb6 9. a3 Be7 10. Bf2 Qc7 11. Qf3 Nbd7 12. O-O-O b5 13. g4 Bb7 14. h4 d5 15. e5 Ne4 16. Nxe4 dxe4 17. Qe3 Rc8 18. Bg2 Nc5 19. Kb1 O-O 20. h5 Rfd8 21. g5 Na4 22. Rd2 b4 23. gxh6 bxa3 24. Qg3 Bf8 25. hxg7 Bc5 26. h6 Kh7 27. Qe3 Rxd4 28. Rxd4 Bxd4 29. Bxe4+ Bxe4 30. Qxe4+ f5 31. exf6+ Kg8 32. h7+ Kf7 33. g8=Q+ Rxg8 34. hxg8=Q+ Kxg8 35. Qg6+ 1-0


[Site "https://www.chess.com"]

[Event "Titled Tuesday Blitz November 14 Early 2023"]
[White "IsaqueGoncalvesSanto"]
[Black "Leyva Proenza, Richard"]
[BlackFideId "3500985"]
[WhiteElo "1882"]
[BlackElo "2546"]
[Result "0-1"]
[Round "1"]
[TimeControl "180+1"]
[Date "2023.11.14"]
[WhiteClock "0:00:00"]
[BlackClock "0:00:17"]
[Board "235"]

1. d4 Nf6 2. c4 g6 3. Nc3 Bg7 4. e4 d6 5. f3 O-O 6. Be3 e5 7. d5 Nh5 8. g4 Nf4 9. h4 f5 10. gxf5 gxf5 11. Nge2 Nd7 12. Nxf4 exf4 13. Bxf4 fxe4 14. Bg5 Qe8 15. fxe4 Nc5 16. Bg2 Bxc3+ 17. bxc3 Nxe4 18. Qd4 Nxg5+ 19. Kd2 Nf7 20. Rae1 Ne5 21. Rhg1 Kh8 22. c5 Bd7 23. c6 bxc6 24. dxc6 Bf5 25. c4 Qe6 26. Kc1 Rab8 27. Bd5 Qh6+ 28. Kd1 Rb1+ 29. Ke2 Qh5+ 30. Kd2 Rxe1 0-1


[Site "https://www.chess.com"]

[Event "Titled Tuesday Blitz November 14 Early 2023"]
[White "Kiremitciyan, Ari"]
[Black "Thake, Conrad"]
[WhiteFideId "6373445"]
[BlackFideId "5602947"]
[WhiteElo "2545"]
[BlackElo "1872"]
[Result "0-1"]
[Round "1"]
[TimeControl "180+1"]
[Date "2023.11.14"]
[WhiteClock "0:00:00"]
[BlackClock "0:00:29"]
[Board "236"]

1. Nf3 Nf6 2. b3 g6 3. Bb2 Bg7 4. g3 d6 5. d4 O-O 6. Bg2 c6 7. O-O Bg4 8. Nbd2 a5 9. a3 Nbd7 10. h3 Bxf3 11. Nxf3 Re8 12. Re1 e5 13. dxe5 Nxe5 14. c4 Qc7 15. Qc2 Nxf3+ 16. Bxf3 Qd7 17. Kg2 Rad8 18. Rad1 Qc7 19. Bc3 h5 20. Qb2 Qe7 21. Bxa5 Ra8 22. Bc3 d5 23. cxd5 cxd5 24. Bxd5 Qxa3 25. Bxb7 Qxb2 26. Bxb2 Rab8 27. Bxf6 Rxb7 28. Bxg7 Kxg7 29. Rd3 Reb8 30. Rb1 Rb4 31. h4 Re8 32. Kf1 Rbe4 33. e3 Rb4 34. Ke2 Kf6 35. Kd2 Ke5 36. Kc3 Reb8 37. Rd4 R4b7 38. b4 Rc8+ 39. Rc4 Ra8 40. f4+ Kf5 41. Rb3 Kg4 42. b5 Kxg3 43. b6 Rab8 44. Rc6 Kxh4 45. Kc4 Kg3 46. Kc5 h4 47. f5 g5 48. e4+ Kf4 49. e5 Kxe5 50. Rb4 Kxf5 51. Rc7 g4 52. Rxb7 Rxb7 53. Kc6 Rb8 54. Rb5+ Kf4 55. Rb4+ Kf3 56. Rb3+ Kg2 57. Kc7 Rh8 58. b7 g3 59. Rb2+ Kh1 60. Rd2 g2 61. Rd8 Rxd8 62. Kxd8 g1=Q 63. b8=Q Qd4+ 64. Ke7 Qe4+ 65. Kxf7 Qf3+ 66. Kg7 Qg2+ 67. Kh6 h3 68. Qb1+ Qg1 0-1


[Site "https://www.chess.com"]

[Event "Titled Tuesday Blitz November 14 Early 2023"]
[White "Vargas, Mauricio"]
[Black "Silva Lucena, Cristian"]
[WhiteFideId "4404572"]
[BlackFideId "2232588"]
[WhiteElo "1865"]
[BlackElo "2543"]
[Result "0-1"]
[Round "1"]
[TimeControl "180+1"]
[Date "2023.11.14"]
[WhiteClock "0:01:32"]
[BlackClock "0:01:49"]
[Board "237"]

1. e4 e5 2. Nf3 Nc6 3. Bc4 Nf6 4. d4 exd4 5. e5 d5 6. Bb5 Ne4 7. O-O Bc5 8. Nxd4 O-O 9. Nxc6 bxc6 10. Bxc6 Ba6 11. Bxd5 Nxf2 12. Rxf2 Bxf2+ 13. Kxf2 c6 14. Nc3 cxd5 15. Qxd5 Qh4+ 16. g3 Qxh2+ 17. Kf3 Rab8 18. Bf4 Bb7 19. Rd1 Bxd5+ 20. Nxd5 Qxc2 21. Rd2 Qc6 22. Kf2 Rfe8 23. Bg5 Qc5+ 24. Kg2 Rxe5 25. Bf4 Rxd5 26. Rxd5 Qxd5+ 27. Kh3 Rxb2 0-1


[Site "https://www.chess.com"]

[Event "Titled Tuesday Blitz November 14 Early 2023"]
[White "Grunberg, Mihai-Lucian"]
[Black "Babayeva, Nasrin"]
[WhiteFideId "1204149"]
[BlackFideId "13416626"]
[WhiteElo "2543"]
[BlackElo "1821"]
[Result "1-0"]
[Round "1"]
[TimeControl "180+1"]
[Date "2023.11.14"]
[WhiteClock "0:01:16"]
[BlackClock "0:00:38"]
[Board "238"]

1. e4 Nc6 2. d4 d5 3. exd5 Qxd5 4. Nf3 e5 5. Nc3 Bb4 6. Bd2 Bxc3 7. Bxc3 e4 8. Ne5 Nxe5 9. dxe5 Ne7 10. Be2 Be6 11. O-O O-O 12. f4 Nf5 13. Qxd5 Bxd5 14. Rfd1 Ne3 15. Rd2 Bc6 16. Bd4 Nxg2 17. Bc5 Rfe8 18. Rf1 Nh4 19. Bg4 Rad8 20. Rxd8 Rxd8 21. Be7 Rd2 22. Bxh4 e3 23. Bh3 e2 24. Re1 Rxc2 25. Kf2 Bb5 26. a4 Bc4 27. b3 Ba6 28. Bg4 Rb2 29. Bxe2 Bxe2 30. Rxe2 Rxb3 31. Rd2 h6 32. f5 Rb4 33. Bg3 Rxa4 34. Rd8+ Kh7 35. Rd7 1-0


[Site "https://www.chess.com"]